AoeStats
← Chris Becker

Black Forest

509905446Analyzed
4v4 RM · 4d ago on Sep 28, 2026· 45m 37s· 8 players
Game mode
Random Map
Map size
Large (8 player)
Population
200
Speed
Normal
Resources
Standard
Victory
Conquest
Starting age
Dark Age
Ending age
Imperial Age
RankedLock teamsTeams togetherTeam positionsShared explorationLock speedFull tech treeHidden civsTurbo modeCheats
Victory
Defeat
🇩🇪 Japanese · Germany
1718
+11
🇹🇷 Chinese · Türkiye
1702
+12
🇫🇷 Varangians · France
1591
+16
🇵🇪 Khmer · Peru
1541
+20
🇬🇧 Lithuanians · United Kingdom
1664
-17
🇪🇸 Japanese · Spain
1619
-15
🇹🇼 Varangians · Taiwan
1610
-15
🇩🇪 Burgundians · Germany
1533
-12
AutoClickerv3
6:28 Loom
8:50 Feudal Age
9:32 Double-Bit Axe
21:37 Wheelbarrow
20:50 Fishing Lines
21:08 Horse Collar
22:28 Stone Mining
22:50 Gold Mining
26:05 Castle Age
25:13 Fletching
26:58 Bow Saw
26:50 Heavy Plow
27:28 Gold Shaft Mining
26:52 Bodkin Arrow
27:33 Caravan
28:31 Fortified Wall
33:07 Imperial Age
31:53 Ballistics
32:00 Gillnets
33:01 Wheelbarrow
32:48 Guard Tower
33:05 Treadmill Crane
34:57 Chemistry
34:00 Bracer
34:43 Masonry
35:32 Yasama
37:32 Keep
37:25 Arrowslits
38:23 Murder Holes
40:02 Hand Cart
41:49 Kataparuto
41:28 Town Watch
willdbeast
11:07 Feudal Age
10:45 Loom
12:34 Double-Bit Axe
15:00 Castle Age
15:56 Bow Saw
20:01 Wheelbarrow
19:11 Town Watch
25:16 Fishing Lines
26:23 Horse Collar
27:39 Heavy Plow
31:14 Imperial Age
29:18 Scale Barding Armor
29:25 Bloodlines
29:17 Gold Mining
29:20 Stone Mining
30:44 Chain Barding Armor
30:26 Husbandry
31:30 Forging
31:43 Caravan
32:59 Chemistry
32:22 Conscription
32:49 Plate Barding Armor
32:38 Fletching
34:28 Iron Casting
33:18 Elite Leitis
34:41 Masonry
34:34 Bodkin Arrow
36:26 Bracer
37:23 Guilds
38:44 Architecture
40:22 Ballistics
41:00 Crop Rotation
Chris Becker
5:14 Double-Bit Axe
12:15 Feudal Age
11:03 Horse Collar
14:19 Bow Saw
17:46 Castle Age
16:54 Gold Mining
17:35 Fishing Lines
18:02 Heavy Plow
19:28 Pikeman
20:09 Squires
20:16 Scale Mail Armor
20:27 Forging
21:45 Chain Mail Armor
22:50 Wheelbarrow
23:46 Gillnets
27:06 Hand Cart
28:26 Gold Shaft Mining
31:02 Imperial Age
28:17 Loom
30:03 Two-Man Saw
29:28 Squires
29:36 Padded Archer Armor
30:12 Iron Casting
30:45 Leather Archer Armor
31:17 Cavalier
31:58 Husbandry
32:05 Scale Barding Armor
33:01 Blast Furnace
33:07 Chemistry
33:47 Chain Barding Armor
33:11 Paladin
34:20 Caravan
36:57 Plate Barding Armor
36:41 Elite Skirmisher
36:51 Light Cavalry
38:09 Fletching
41:11 Hussar
41:59 Bodkin Arrow
42:28 Ballistics
42:56 Bracer
好奇小牛
0:30 Loom
10:44 Feudal Age
15:51 Double-Bit Axe
20:58 Castle Age
18:53 Fletching
28:39 Gold Mining
30:37 Fortified Wall
35:03 Imperial Age
34:25 Wheelbarrow
33:36 Town Watch
34:25 Forging
34:20 Scale Barding Armor
34:20 Stone Mining
37:18 Hand Cart
38:16 Stone Shaft Mining
44:18 Iron Casting
44:13 Chain Barding Armor
44:27 Conscription
44:00 Horse Collar
45:13 Elite Jarl
46:44 Plate Barding Armor
LM \ Molle
0:58 Loom
9:47 Feudal Age
13:02 Wheelbarrow
22:25 Castle Age
23:08 Double-Bit Axe
25:18 Hand Cart
24:51 Fishing Lines
25:54 Bow Saw
27:03 Gillnets
31:15 Town Watch
36:24 Imperial Age
34:20 Fortified Wall
34:49 Fletching
34:59 Padded Archer Armor
34:41 Treadmill Crane
35:11 Masonry
35:16 Stone Mining
35:16 Gold Mining
36:17 Bodkin Arrow
36:44 Yasama
36:55 Caravan
37:09 Bracer
38:10 Chemistry
36:54 Pikeman
37:35 Squires
38:36 Kataparuto
38:45 Siege Engineers
38:07 Pikeman
38:48 Squires
39:11 Ballistics
39:39 Scale Mail Armor
39:00 Halberdier
40:38 Conscription
41:12 Hoardings
40:58 Conscription
41:25 Guard Tower
41:55 Chain Mail Armor
42:18 Forging
41:54 Arson
43:23 Keep
42:34 Arrowslits
43:34 Coinage
44:10 Iron Casting
44:39 Plate Mail Armor
46:26 Banking
ElMaestro
9:03 Loom
11:27 Feudal Age
15:33 Castle Age
13:44 Double-Bit Axe
17:18 Bow Saw
20:23 Fletching
20:41 Scale Barding Armor
21:50 Forging
22:32 Horse Collar
23:59 Fishing Lines
25:26 Gillnets
27:48 Wheelbarrow
30:45 Imperial Age
28:57 Wheelbarrow
28:35 Gold Mining
29:20 Stone Mining
30:16 Heavy Plow
30:45 Chain Barding Armor
30:36 Bloodlines
30:27 Husbandry
31:55 Iron Casting
31:32 Fletching
32:18 Plate Barding Armor
32:16 Capped Ram
34:28 Blast Furnace
34:12 Elite Jarl
36:14 Ballistics
35:50 Bodkin Arrow
37:18 Siege Ram
45:11 Masonry
46:02 Chemistry
45:03 Bracer
45:10 Siege Engineers
46:10 Chemistry
Apep
0:27 Loom
16:28 Feudal Age
17:16 Double-Bit Axe
20:56 Castle Age
19:19 Fishing Lines
27:01 Imperial Age
25:15 Bow Saw
25:57 Horse Collar
27:26 Fletching
28:29 Wheelbarrow
27:52 Gold Mining
29:48 Bodkin Arrow
30:28 Padded Archer Armor
31:16 Bracer
31:21 Stone Mining
33:51 Ballistics
34:51 Conscription
35:32 Leather Archer Armor
35:40 Hand Cart
36:55 Ring Archer Armor
37:51 Chemistry
38:17 Thumb Ring
40:00 Elite Chu Ko Nu
41:29 Stone Shaft Mining
43:14 Rocketry
44:36 Gold Shaft Mining
45:50 Masonry
KLIKELIN
4:31 Loom
11:31 Feudal Age
14:16 Castle Age
13:24 Horse Collar
13:30 Double-Bit Axe
15:33 Bow Saw
25:41 Wheelbarrow
25:38 Gold Mining
25:39 Stone Mining
26:56 Hand Cart
29:52 Imperial Age
27:38 Heavy Plow
28:29 Ballistics
30:21 Gold Shaft Mining
30:21 Stone Shaft Mining
30:15 Heavy Scorpion
31:01 Pikeman
32:08 Conscription
31:49 Double Crossbow
31:45 Halberdier
32:39 Siege Engineers
33:35 Chemistry
32:46 Forging
32:37 Scale Mail Armor
37:36 Iron Casting
37:17 Chain Mail Armor
45:34 Arson
46:55 Blast Furnace
46:01 Scale Barding Armor
46:30 Crop Rotation
Connection lost

Rejoining the realm…

Still unreachable

The connection could not be restored.

Session expired

The server has moved on; the page needs a fresh start.